 Dungeon Crawl Stone Soup version 0.29.1-12-g30fa7ad0bf (webtiles) character file.

Game seed: 10547102556324281441

356 FexLirch the Grave Robber (level 6, -7/41 HPs)
             Began as a Demonspawn Necromancer on Dec 25, 2022.
             Mangled by Duvessa
             ... wielding a +3 short sword of flaming
              (24 damage)
             ... on level 4 of the Dungeon.
             The game lasted 00:17:15 (2519 turns).

FexLirch the Grave Robber (Demonspawn Necromancer)  Turns: 2519, Time: 00:17:16

Health: -7/41      AC:  3    Str:  8    XL:     6   Next: 36%
Magic:  0/12       EV: 15    Int: 18    God:
Gold:   142        SH:  0    Dex: 14    Spells: 6/14 levels left

rFire   . . .      SeeInvis .   p - +2 short sword (freeze)
rCold   . . .      Faith    .   (no shield)
rNeg    . . .      Spirit   .   a - +0 robe
rPois   .          Reflect  .   (no helmet)
rElec   .          Harm     .   (no cloak)
rCorr   .          Rampage  .   (no gloves)
Will    .....                   w - +0 pair of boots
Stlth   ++........              e - amulet of magic regeneration
HPRegen 0.13/turn               (no ring)
MPRegen 0.53/turn               (no ring)

@: weakened
A: repulsion field 2, foul stench 1
a: no special abilities


You were on level 4 of the Dungeon.
You visited 1 branch of the dungeon, and saw 4 of its levels.

You collected 142 gold pieces.

Inventory:

Hand Weapons
 n - a +0 dagger
 p - a +2 short sword of freezing (weapon)
 z - a +2 short sword of venom
Armour
 a - a +0 robe (worn)
 w - a +0 pair of boots (worn)
Jewellery
 e - an amulet of magic regeneration (around neck)
 x - a ring of ice
 y - the amulet of Elemental Vulnerability {rPois rF-- rC-- AC+8}
   (You took it off an orc on level 3 of the Dungeon)

   [amulet of nothing]

   AC:        It affects your AC (+8).
   rF:        It makes you very vulnerable to fire.
   rC:        It makes you very vulnerable to cold.
   rPois:     It protects you from poison.
Scrolls
 h - 4 scrolls of identify {unknown}
 j - a scroll of enchant armour {unknown}
 k - a scroll of acquirement {unknown}
 l - a scroll of magic mapping {unknown}
 m - a scroll of poison {unknown}
 o - a scroll of fog {unknown}
 r - a scroll of teleportation {unknown}
 s - a scroll of fear {unknown}
 t - a scroll of silence {unknown}
 u - a scroll of enchant weapon {unknown}
 B - a scroll of amnesia {unknown}
Potions
 b - 3 potions of magic
 c - a potion of mutation {unknown}
 d - 3 potions of heal wounds {unknown}
 f - a potion of lignification {unknown}
 g - 4 potions of attraction {unknown}
 i - 2 potions of curing {unknown}
 q - a potion of flight {unknown}
 v - a potion of resistance {unknown}
 A - a potion of degeneration {unknown}


   Skills:
 - Level 1.7 Dodging
 - Level 1.7 Stealth
 + Level 4.6 Spellcasting
 + Level 6.7 Necromancy


You had 6 spell levels left.
You knew the following spells:

 Your Spells              Type           Power      Damage    Failure   Level
a - Necrotise             Necr           100%       1d9       1%          1
b - Vampiric Draining     Necr           28%        2d8       2%          3
c - Animate Dead          Necr           28%        N/A       9%          4

Your spell library contained the following spells:

 Spells                   Type           Power      Damage    Failure   Level
 Sting                    Tmut/Pois      16%        1d3       14%         1
 Poisonous Vapours        Pois/Air       8%         N/A       22%         2
 Agony                    Necr           28%        N/A       24%         5
 Olgreb's Toxic Radiance  Pois           4%         N/A       80%         4


Dungeon Overview and Level Annotations

Branches:
Dungeon (4/15)
 Temple: D:4-7

Altars:

Annotations:
D:4 Duvessa


Innate Abilities, Weirdness & Mutations

You are surrounded by a moderate repulsion field. (EV +3)
You may rarely emit foul miasma when damaged in melee.


Message History

Duvessa closely misses you.
The iguana bites something!
The gnoll bouda barely misses your goblin zombie.
Casting: Vampiric Draining (dangerous; 2% risk of failure)
Confirm with . or Enter, or press ? or * to list all spells.
Aiming: Vampiric Draining (dangerous; 2% risk of failure)
Press: ? - help, Shift-Dir - straight line, f/p - Duvessa
Aim: Duvessa, wielding a +3 short sword of flaming and wearing a +1 scale mail of fire resistance (lightly wounded, berserk, ally target)
You draw life force from Duvessa!
You feel life coursing into your body.
Your giant cockroach zombie barely misses the gnoll bouda.
Duvessa hits you with a +3 short sword of flaming.
Duvessa burns you.
The gnoll closely misses your goblin zombie.
The gnoll completely misses your goblin zombie.
Your goblin zombie hits the iguana but does no damage.
The iguana barely misses something.
Casting: Vampiric Draining (dangerous; 2% risk of failure)
Confirm with . or Enter, or press ? or * to list all spells.
Aiming: Vampiric Draining (dangerous; 2% risk of failure)
Press: ? - help, Shift-Dir - straight line, f/p - Duvessa
Aim: Duvessa, wielding a +3 short sword of flaming and wearing a +1 scale mail of fire resistance (moderately wounded, berserk, ally target)
You draw life force from Duvessa!
You feel life coursing into your body. Duvessa closely misses you.
Your goblin zombie hits the gnoll but does no damage.
The gnoll barely misses your goblin zombie. x2
The iguana bites something!
Duvessa hits you with a +3 short sword of flaming!
Duvessa burns you.
* * * LOW HITPOINT WARNING * * *
Your goblin zombie hits the iguana but does no damage.
Something hits your goblin zombie!
Your goblin zombie is destroyed!
Casting: Vampiric Draining (dangerous; 2% risk of failure)
Confirm with . or Enter, or press ? or * to list all spells.
Aiming: Vampiric Draining (dangerous; 2% risk of failure)
Press: ? - help, Shift-Dir - straight line, f/p - Duvessa
Aim: Duvessa, wielding a +3 short sword of flaming and wearing a +1 scale mail of fire resistance (heavily wounded, berserk, ally target)
You draw life force from Duvessa!
You feel life coursing into your body.
Duvessa hits you with a +3 short sword of flaming!!
Ouch! That really hurt!
You die...

#..... #..... ... #.....
.. .. ##..... .. ####.#
####...... . ..#.#
#Z.Z...Z). #. #.#.#
###.###...).
..###.##.#.###...# #.#...
........@......####..#...
.#...#e##....## #.##...
...###l<...#.# ##.##...
##...gZ.Z....##....#####
...#.g.?Z###....###
.....Z.Z...Z......#
.......Z..)..#.##.#
.............#.# .
................


You could see Duvessa (berserk, ally target), an iguana, 2 gnolls, a friendly
giant cockroach zombie and a friendly goblin zombie.

Vanquished Creatures
  Dowan (D:4)
  A jelly (D:4)
  An orc priest (D:3)
  A hound (D:4)
  An iguana (D:2)
  An orc wizard (D:3)
  4 gnolls
  4 adders
  8 orcs
  5 ball pythons
  7 bats
  6 endoplasms
  2 giant cockroaches
  12 goblins
  A hobgoblin (D:3)
  2 quokkas
  A frilled lizard (D:2)
  4 kobolds (D:2)
  3 rats
65 creatures vanquished.

Vanquished Creatures (collateral kills)
  Robin (D:4)
  An orc (D:3)
  3 endoplasms
  3 goblins (D:4)
  A quokka (D:3)
  A bat (D:3)
  A frilled lizard (D:3)
  A rat (D:2)
12 creatures vanquished.

Vanquished Creatures (others)
  An adder zombie (D:3)
  2 gnoll zombies (D:3)
  A hobgoblin zombie (D:4)
  3 goblin zombies (D:4)
7 creatures vanquished.

Grand Total: 84 creatures vanquished

Notes
Turn   | Place    | Note
-------+----------+-------------------------------------------
     0 | D:1      | FexLirch the Demonspawn Necromancer began the quest for the
                  | Orb.
     0 | D:1      | Reached XP level 1. HP: 13/13 MP: 3/3
   289 | D:1      | Gained mutation: You are surrounded by a mild repulsion
                  | field. (EV +2) [demonic ancestry]
   289 | D:1      | Reached XP level 2. HP: 19/19 MP: 3/5
   787 | D:2      | Reached skill level 5 in Necromancy
   787 | D:2      | Reached XP level 3. HP: 13/24 MP: 5/7
  1416 | D:3      | Gained mutation: You may rarely emit foul miasma when
                  | damaged in melee. [demonic ancestry]
  1416 | D:3      | Reached XP level 4. HP: 30/30 MP: 6/9
  1635 | D:3      | Learned a level 3 spell: Vampiric Draining
  1640 | D:3      | Learned a level 4 spell: Animate Dead
  1694 | D:3      | Reached XP level 5. HP: 17/35 MP: 7/10
  1699 | D:3      | Reached skill level 6 in Necromancy
  2315 | D:4      | Noticed Dowan
  2316 | D:4      | Noticed Duvessa
  2345 | D:4      | Killed Dowan
  2389 | D:4      | Gained mutation: You are surrounded by a moderate repulsion
                  | field. (EV +3) [demonic ancestry]
  2389 | D:4      | Reached XP level 6. HP: 41/41 MP: 8/12
  2452 | D:4      | Noticed Robin
  2470 | D:4      | Killed Robin
  2516 | D:4      | Your ally Robin died
  2519 | D:4      | Mangled by Duvessa

Illustrated notes

Levels and vault maps discovered:
D:1:      dpeg_arrival_lava_altar, layout_loops_ring
D:2:      layout_loops_ring
D:3:      minmay_recursive_quarters, layout_rooms
D:4:      layout_rooms, mainiacjoe_overflow_paths, uniq_menkaure, uniq_duvessa,
          uniq_robin

Skill      XL: |  1  2  3  4  5 |
---------------+----------------+-----
Necromancy     | 5 6 |  6.7
Spellcasting   | 3 4 |  4.6
Dodging        | |  1.7
Stealth        | |  1.7

Action                   |  1- 3 |  4- 6 || total
-------------------------+-------+-------++-------
Melee: Dagger            |     4 |       ||     4
       Short sword       |     4 |    42 ||    46
       Punch             |       |     1 ||     1
 Cast: Necrotise         |    41 |    61 ||   102
       Animate Dead      |       |     3 ||     3
       Vampiric Draining |       |    11 ||    11
 Stab: Sleeping          |       |     1 ||     1
Armor: Robe              |     3 |    13 ||    16
Dodge: Dodged            |     9 |    48 ||    57
